 Dungeon Crawl Stone Soup version 0.22.1-1-ga44c0e5 (webtiles) character file.

414 wilfster70 the Chopper (level 6, -1/56 HPs)
             Began as a Hill Orc Fighter on Oct 15, 2018.
             Was an Initiate of Beogh.
             Succumbed to an orc priest's poison
             ... on level 4 of the Dungeon on Oct 19, 2018.
             The game lasted 00:12:16 (4503 turns).

wilfster70 the Chopper (Hill Orc Fighter)           Turns: 4503, Time: 00:12:16

Health: -1/56      AC:  9    Str: 24 (26) XL:     6   Next: 91%
Magic:  6/6        EV:  6    Int: 12 (13) God:    Beogh [......]
Gold:   164        SH:  9    Dex:  7 (10) Spells: 5/5 levels left

rFire    . . .     SeeInvis .   a - +0 war axe
rCold    . . .     Gourm    .   c - +0 shield
rNeg     + . .     Faith    .   u - +0 chain mail
rPois    .         Spirit   .   (no helmet)
rElec    .         Reflect  .   (no cloak)
rCorr    .         Harm     .   (no gloves)
MR       .....                  (no boots)
Stlth    ..........             n - amulet of the acrobat
HPRegen  0.18/turn              h - ring of stealth
MPRegen  0.10/turn              l - ring of positive energy

@: mighty, brilliant, lethally poisoned (-1 -> -14)
A: no striking features
a: Renounce Religion


You were on level 4 of the Dungeon.
You worshipped Beogh.
Beogh was noncommittal.
You were not hungry.

You visited 1 branch of the dungeon, and saw 4 of its levels.

You collected 164 gold pieces.

Inventory:

Hand Weapons
 a - a +0 war axe (weapon)
 b - a +0 hunting sling
Missiles
 e - 93 stones (quivered)
Armour
 c - a +0 shield (worn)
 u - a +0 chain mail (worn)
Jewellery
 h - a ring of stealth (left hand)
 l - a ring of positive energy (right hand)
 n - an amulet of the acrobat (around neck)
 t - an uncursed ring of stealth
Scrolls
 g - a scroll of amnesia {unknown}
 i - 4 scrolls of identify
 j - a scroll of magic mapping {unknown}
 k - 2 scrolls of enchant armour {unknown}
 o - a scroll of remove curse {unknown}
 r - a scroll of teleportation {unknown}
 s - a scroll of noise {unknown}
 v - a scroll of fear {unknown}
Potions
 m - a potion of invisibility {unknown}
 p - a potion of brilliance
 q - a potion of degeneration
 w - 2 potions of flight {unknown}
Comestibles
 f - 6 rations
 x - a chunk of flesh


   Skills:
 + Level 5.1 Fighting
 * Level 6.2 Axes
 + Level 4.7 Armour
 + Level 4.6 Shields
 + Level 0.7 Invocations


You had 5 spell levels left.
You didn't know any spells.
Your spell library contained the following spells:

 Spells                   Type           Power        Failure   Level  Hunger
 Confusing Touch          Hex            #.....       58%         1    ##.....
 Freeze                   Ice            #...         58%         1    ##.....
 Throw Frost              Conj/Ice       #.....       71%         2    ###....
 Confuse                  Hex            #.......     88%         3    ####...
 Gell's Gravitas          Tloc           #.........   88%         3    ####...
 Ozocubu's Armour         Chrm/Ice       #.......     88%         3    ####...
 Petrify                  Tmut/Erth      #.......     99%         4    #####..
 Summon Ice Beast         Ice/Summ       #.......     99%         4    #####..
 Throw Icicle             Conj/Ice       #.......     99%         4    #####..
 Metabolic Englaciation   Hex/Ice        #.........   100%        5    ######.
 Yara's Violent Unravell  Hex/Tmut       #.........   100%        5    ######.


Dungeon Overview and Level Annotations

Branches:
Dungeon (4/15)
 Temple: D:4-7

Altars:
Sif Muna

Annotations:
D:4 1 runed door


Message History

You closely miss the orc wizard.
You feel sick. The orc wizard casts a spell at you. The magic dart hits you!
* * * LOW HITPOINT WARNING * * *
The orc priest hits you but does no damage.
You are lethally poisoned!
The orc wizard barely misses you.
The orc priest mumbles some strange prayers to Beogh against you.
Beogh smites you!
* * * LOW HITPOINT WARNING * * *
Unknown command.
It was a potion of degeneration.
There was something very wrong with that liquid.
You feel weakened.
You feel dopey.
You feel clumsy.
* * * LOW HITPOINT WARNING * * *
You feel sick. You block the orc wizard's attack.
You block the orc priest's attack.
It was a potion of brilliance.
You feel clever all of a sudden.
You die...

#..........[.....^.
#<....######.......
##.#.## #.......
#.#.# #.......
#.#.# ####.#.#
#.#.# ###.... #.#.#
#.....# #.#.#
#.##### #@# #.# #o#
#.# #o# #.# #o# #.#
#.. #.##### ###
#...... ###..##
##.# #.#


You could see an orc priest and 2 orc wizards.

Vanquished Creatures
  A water moccasin skeleton (D:4)
  A bullfrog zombie (D:3)
  2 orc wizards
  3 worker ants (D:4)
  7 gnolls (D:3)
  6 adders
  An adder skeleton (D:4)
  A worm (D:4)
  4 dart slugs
  2 leopard geckos
  6 orcs
  7 bats
  7 giant cockroaches
  6 goblins
  8 hobgoblins
  4 kobolds
  3 quokkas
  5 frilled lizards
  A leopard gecko skeleton (D:4)
  A quokka zombie (D:3)
  6 rats
82 creatures vanquished.

Vanquished Creatures (others)
  An orc (D:4)
1 creature vanquished.

Grand Total: 83 creatures vanquished

Notes
Turn   | Place    | Note
-------+----------+-------------------------------------------
     0 | D:1      | wilfster70 the Hill Orc Fighter began the quest for the
                  | Orb.
     0 | D:1      | Reached XP level 1. HP: 19/19 MP: 1/1
   160 | D:1      | Reached skill level 3 in Axes
   187 | D:1      | Reached XP level 2. HP: 26/27 MP: 2/2
   355 | D:1      | You fall through a shaft!
   555 | D:2      | Reached XP level 3. HP: 23/33 MP: 3/3
   803 | D:2      | Reached skill level 4 in Axes
   860 | D:2      | Reached XP level 4. HP: 33/40 MP: 4/4
  1792 | D:3      | Reached XP level 5. HP: 47/47 MP: 5/5
  1921 | D:3      | HP: 2/47 [gnoll/club (5)]
  1940 | D:3      | Reached skill level 5 in Axes
  2824 | D:4      | Reached XP level 6. HP: 13/53 MP: 6/6
  3479 | D:4      | Became a worshipper of Beogh the Brigand
  3503 | D:4      | Reached skill level 5 in Fighting
  3503 | D:4      | Reached skill level 6 in Axes
  3521 | D:4      | Found a deep blue altar of Sif Muna.
  4422 | D:4      | Found a runed door.
  4501 | D:4      | HP: 2/56 [orc priest/divine providence (7)]
  4503 | D:4      | Succumbed to an orc priest's poison

Skill      XL: |  1  2  3  4  5  6 |
---------------+-------------------+-----
Axes           | 3 4 5 6 |  6.2
Fighting       | 4 5 |  5.1
Armour         | 4 |  4.7
Shields        | 4 |  4.6
Invocations    | |  0.7

Action                   |  1- 3 |  4- 6 || total
-------------------------+-------+-------++-------
Melee: War axe           |    99 |   275 ||   374
Invok: Convert to Beogh  |       |     1 ||     1
  Use: Scroll            |       |     2 ||     2
       Potion            |       |     5 ||     5
  Eat: Chunk             |       |    12 ||    12
Armor: Scale mail        |    73 |    83 ||   156
       Chain mail        |       |    43 ||    43
Dodge: Dodged            |    36 |    72 ||   108
Block: Shield            |    76 |   112 ||   188
